 Dungeon Crawl Stone Soup version 0.29.0-11-gd7f09526c8 (webtiles) character file.

Game seed: 9315485660824294339

3564 MirrMurr the Spear-Bearer (level 9, -4/73 HPs)
             Began as a Demonspawn Berserker on Sept 5, 2022.
             Was a Priest of Trog.
             Slain by an orc warrior
             ... wielding a +0 mace
              (7 damage)
             ... on level 7 of the Dungeon.
             The game lasted 00:14:34 (9129 turns).

MirrMurr the Spear-Bearer (Demonspawn Berserker)    Turns: 9129, Time: 00:14:34

Health: -4/73      AC: 11    Str: 22    XL:     9   Next: 84%
Magic:  9/9        EV:  8    Int:  9    God:    Trog [***...]
Gold:   341        SH:  9    Dex: 12    Spells: 8/8 levels left

rFire   . . .      SeeInvis .   a - +4 trident
rCold   . . .      Faith    .   c - +0 buckler
rNeg    . . .      Spirit   .   j - +0 chain mail
rPois   .          Reflect  .   r - +1 helmet
rElec   .          Harm     .   x - +0 cloak
rCorr   .          Rampage  .   (no gloves)
Will    .....                   (no boots)
Stlth   ..........              (no amulet)
HPRegen 0.22/turn               (no ring)
MPRegen 0.11/turn               (no ring)

@: on berserk cooldown, slowed, very slow
A: large bone plates 1, demonic guardian 1, powered by pain 1
a: Renounce Religion, Berserk, Trog's Hand


You were on level 7 of the Dungeon.
You worshipped Trog.
Trog was most pleased with you.
You visited 2 branches of the dungeon, and saw 8 of its levels.

You collected 341 gold pieces.

Inventory:

Hand Weapons
 a - a +4 trident (weapon)
 b - the +10 sling "Umnyisha" {speed, rC+ rCorr Dex-3}
   (You found it on level 6 of the Dungeon)

   Attacks with this weapon are significantly faster.
   Dex:       It affects your dexterity (-3).
   rC:        It protects you from cold.
   rCorr:     It protects you from acid and corrosion.
Missiles
 h - 59 stones (quivered)
 m - 7 boomerangs
 p - 5 poisoned darts
Armour
 c - a +0 buckler (worn)
 j - a +0 chain mail (worn)
 r - a +1 helmet (worn)
 x - a +0 cloak (worn)
Wands
 t - a wand of acid (4)
Scrolls
 e - 2 scrolls of poison
 l - 2 scrolls of fear
 o - 2 scrolls of blinking
 q - 5 scrolls of teleportation
 w - a scroll of identify
Potions
 d - 3 potions of attraction {unknown}
 f - 3 potions of ambrosia {unknown}
 g - 3 potions of flight
 i - 2 potions of invisibility {unknown}
 k - a potion of curing {unknown}
 n - a potion of might {unknown}
 s - 4 potions of lignification {unknown}
 u - 2 potions of degeneration {unknown}
 v - a potion of berserk rage {unknown}


   Skills:
 + Level 7.7 Fighting
 * Level 9.6 Polearms
 - Level 1.8 Armour
 - Level 1.8 Dodging
 + Level 6.3 Shields


You had 8 spell levels left.
You didn't know any spells.
Your spell library was empty.

Dungeon Overview and Level Annotations

Branches:
Dungeon (7/15)             Temple (1/1) D:4

Altars:
Ashenzari
Kikubaaqudgha
Nemelex Xobeh
Trog
Xom

Annotations:
D:6 3 runed translucent doors, KamiKatze's ghost, novice GrFi


Innate Abilities, Weirdness & Mutations

You are partially covered in large bone plates. (SH +4)
A weak demonic guardian rushes to your aid.
You sometimes gain a little power by taking damage.


Message History

The orc warrior is heavily wounded.
You block the orc warrior's attack.
You closely miss the orc warrior.
The orc warrior is heavily wounded.
You block the orc warrior's attack.
You hit the orc warrior.
The orc warrior is severely wounded.
The orc warrior hits you with a +0 mace!
* * * LOW HITPOINT WARNING * * *
A demonic guardian appears!
You hit the orc warrior but do no damage.
The orc warrior is severely wounded.
The orc warrior barely misses you. x2
You closely miss the orc warrior.
The orc warrior is severely wounded.
Your white imp disappears in a puff of smoke!
The orc warrior hits you with a +0 mace!
* * * LOW HITPOINT WARNING * * *
A demonic guardian appears!
Unknown command.
You swap places.
The orc warrior hits your shadow imp with a +0 mace!
Your shadow imp dies!
Your shadow imp disappears in a puff of smoke!
Things that are here:
a +0 halberd; a +2 chain mail of willpower; an orc corpse
Okay, then.
You swap places.
The orc warrior hits your iron imp with a +0 mace!
Your iron imp closely misses the orc warrior.
Things that are here:
a +0 hand axe; an orc corpse Unknown command.
The orc warrior hits your iron imp with a +0 mace!
Your iron imp dies!
Your iron imp disappears in a puff of smoke!
Things that are here:
+0 steam dragon scales; a steam dragon corpse The orc warrior hits you with a +0 mace!
You die...

#...# #.# #)##.^.....#######
#...###.# #)##..............
........# #)##.......###.###
........## #)##.......# #.# #
.........#### #.##.......###.# #
...<#.......####o##...........###
...<............o#.<.....[######.
....###.##..####o#.......## #.
.#########.## #@#.......#######)
.....#####.#####................)
.###.##.......##.#.......#######.
.# #.##.#####.##.#.......# #. .#
#.##.# #............#######. .#
#.##.# #....)...............
.###.##.# #.##.####..###.######
........#####.##.# #..##.#.#####
.###.##.......##.# #....###.....


You could see an orc warrior and 2 orcs.

Vanquished Creatures
  Pikel (D:4)
  Sigmund (D:2)
  2 steam dragons
  2 water moccasins (D:5)
  2 orc warriors
  A sky beast (D:4)
  An ice beast (D:6)
  A black bear (D:5)
  4 ogres
  3 lemures (D:4)
  A centaur (D:7)
  A phantom (D:6)
  A bullfrog (D:6)
  4 scorpions
  5 wights (D:6)
  2 hounds
  2 gnoll boudas
  2 orc priests
  5 iguanas
  9 orc wizards
  10 adders
  21 gnolls
  A shadow imp (D:6)
  2 ufetubi (D:4)
  A worm (D:2)
  4 dart slugs
  30 orcs
  9 endoplasms
  3 giant cockroaches
  6 goblins
  6 hobgoblins
  4 quokkas
  3 ball pythons
  4 bats (D:1)
  2 frilled lizards
  5 kobolds
  4 rats
165 creatures vanquished.

Vanquished Creatures (collateral kills)
  A worm (D:3)
1 creature vanquished.

Vanquished Creatures (others)
  17 fungi (D:6)
17 creatures vanquished.

Grand Total: 183 creatures vanquished

Notes
Turn   | Place    | Note
-------+----------+-------------------------------------------
     0 | D:1      | MirrMurr the Demonspawn Berserker began the quest for the
                  | Orb.
     0 | D:1      | Reached XP level 1. HP: 18/18 MP: 1/1
   219 | D:1      | Reached skill level 3 in Polearms
   219 | D:1      | Gained mutation: A weak demonic guardian rushes to your
                  | aid. [demonic ancestry]
   219 | D:1      | Reached XP level 2. HP: 13/24 MP: 2/2
  1232 | D:2      | You fall into a shaft and drop 2 floors!
  1281 | D:4      | Noticed an ogre
  1323 | D:4      | Reached XP level 3. HP: 18/29 MP: 3/3
  1326 | D:4      | Reached skill level 1 in Shields
  1994 | D:2      | Reached ** piety under Trog
  2203 | D:2      | Reached XP level 4. HP: 35/35 MP: 4/4
  2275 | D:2      | Noticed Sigmund
  2290 | D:2      | Killed Sigmund
  2291 | D:2      | Reached skill level 4 in Polearms
  2291 | D:2      | Reached XP level 5. HP: 42/42 MP: 5/5
  2962 | D:2      | Gained mutation: You are partially covered in large bone
                  | plates. (SH +4) [demonic ancestry]
  2962 | D:2      | Reached XP level 6. HP: 43/48 MP: 6/6
  3142 | D:2      | Found a faded altar of an unknown god.
  3499 | D:3      | Identified the +6 spear "Grum" {freeze, rF+ Int+4}
  3517 | D:3      | Reached skill level 5 in Polearms
  4314 | D:4      | Found an ancient bone altar of Kikubaaqudgha.
  4336 | D:4      | Noticed Pikel
  4626 | D:4      | Killed Pikel
  4627 | D:4      | Reached skill level 5 in Fighting
  4627 | D:4      | Reached skill level 6 in Polearms
  4627 | D:4      | Reached XP level 7. HP: 20/56 MP: 7/7
  5005 | D:4      | Reached XP level 8. HP: 34/63 MP: 8/8
  5149 | D:4      | Found a staircase to the Ecumenical Temple.
  5158 | Temple   | Entered the Ecumenical Temple
  5536 | D:5      | Entered Level 5 of the Dungeon
  5705 | D:5      | Reached skill level 7 in Polearms
  5890 | D:5      | Reached *** piety under Trog
  6158 | D:5      | Found a broken altar of Ashenzari.
  6479 | D:5      | Reached skill level 5 in Shields
  6712 | D:5      | Reached skill level 8 in Polearms
  6845 | D:5      | Gained mutation: You sometimes gain a little power by
                  | taking damage. [demonic ancestry]
  6845 | D:5      | Reached XP level 9. HP: 36/71 MP: 9/9
  7173 | D:6      | Identified the +10 sling "Umnyisha" {speed, rC+ rCorr
                  | Dex-3}
  7323 | D:6      | Found a sparkling altar of Nemelex Xobeh.
  7370 | D:6      | Found a runed translucent gate.
  7371 | D:6      | Found a runed translucent gate.
  7379 | D:6      | Found a runed translucent gate.
  7393 | D:6      | Noticed KamiKatze's ghost (novice GrFi)
  8027 | D:6      | Reached skill level 9 in Polearms
  9122 | D:7      | HP: 1/73 [orc warrior/+0 mace (7)]
  9129 | D:7      | Slain by an orc warrior

Illustrated notes

Levels and vault maps discovered:
D:1:      tarquinn_simple_flora_water_b, layout_basic
D:2:      layout_basic, shapermc_ecumenical_altar_mp_vishouse, uniq_sigmund,
          uniq_crazy_yiuf_cottage
D:3:      layout_loops_cross
D:4:      layout_basic, nicolae_kikubaaqudgha_miasma_corner,
          minmay_temple_entry_water_ring, uniq_pikel
D:5:      layout_basic, mainiacjoe_overflow_catwalk,
          mainiacjoe_overflow_concentric_impassable
D:6:      layout_loops_cross, nemelex_dance_club_becter,
          gammafunk_ghost_necromancy, serial_aquarium, aquarium_bridge_straight
          [aquarium_subvault_bridge, aquarium_subvault_window,
          aquarium_subvault_bridge, aquarium_subvault_balcony],
          aquarium_window_corner, aquarium_window_corridor_1,
          aquarium_window_corner, aquarium_window_double, aquarium_view_2f,
          aquarium_balcony_5b, dreamdust_gnoll_farm
D:7:      layout_loops_ring
Temple:   nicolae_temple_superstar

Skill      XL: |  1  2  3  4  5  6  7  8  9 |
---------------+----------------------------+-----
Polearms       | 3 4 6 8 9 |  9.6
Shields        | 1 2 3 4 5 6 |  6.3
Fighting       | 4 5 6 7 |  7.7
Armour         | |  1.8
Dodging        | |  1.8

Action                   |  1- 3 |  4- 6 |  7- 9 || total
-------------------------+-------+-------+-------++-------
Melee: Spear             |   121 |   148 |   261 ||   530
       Trident           |       |       |    64 ||    64
 Fire: Sling             |       |       |    74 ||    74
Throw: Stone             |     1 |     2 |     3 ||     6
Invok: Berserk           |     1 |     4 |     1 ||     6
       Trog's Hand       |       |     1 |     4 ||     5
  Use: Scroll            |     6 |     1 |     6 ||    13
Armor: Animal skin       |     4 |       |       ||     4
       Chain mail        |    16 |    31 |    73 ||   120
Dodge: Dodged            |    31 |    27 |    65 ||   123
Block: Buckler           |    16 |    28 |    98 ||   142
